 Dungeon Crawl Stone Soup version 0.20.0-15-g7f486f2 (webtiles) character file.

243386 Jannitor the Bewitcher (level 19, 0/96 HPs)
             Began as a Spriggan Enchanter on June 26, 2017.
             Was the Champion of Dithmenos.
             Killed from afar by a thorn hunter (30 damage)
             ... with a volley of thorns
             ... on level 4 of the Swamp.
             The game lasted 02:38:38 (56179 turns).

Jannitor the Bewitcher (Spriggan Enchanter)        Turns: 56179, Time: 02:38:39

Health: 0/96       AC: 10    Str: 13    XL:     19   Next: 12%
Magic:  32/44      EV: 27    Int: 23    God:    Dithmenos [******]
Gold:   3406       SH:  9    Dex: 17    Spells: 3/40 levels left

rFire    + + .     SeeInvis +   c - +3 dagger "Sielas" {holy, rPois rF+}
rCold    + . .     Gourm    .   A - +1 buckler
rNeg     . . .     Faith    +   W - +5 robe of the Shining Light {MR+ MP+9 Dex+3}
rPois    +         Spirit   .   (helmet restricted)
rElec    .         Reflect  .   X - +2 cloak {MR+}
rCorr    .         Harm     .   (gloves unavailable)
MR       +++++                  (boots unavailable)
Stlth    ++++++++++             U - amulet "Ihonnac" {Faith MR+}
Regen    0.3/turn               w - ring "Vouwk" {rPois rF+ Str+8 Dex-5}
MPRegen  0.3/turn               S - ring of protection from cold

@: wreathed by umbra, very quick
A: unfitting armour, antennae 1, hooves 1, see invisible, clever 1, herbivore 3,
speed 3, magic resistance 1, slow metabolism 2, subdued magic 1
}: 1/15 runes: gossamer
a: Shadow Step, Shadow Form, Renounce Religion


You were on level 4 of the Swamp.
You worshipped Dithmenos.
Dithmenos was exalted by your worship.
You were not hungry.

You visited 6 branches of the dungeon, and saw 34 of its levels.

You collected 4093 gold pieces.
You spent 687 gold pieces at shops.

Inventory:

Hand Weapons
 a - a +4 blowgun
 b - a +0 dagger of venom
 c - the +3 dagger "Sielas" (weapon) {holy, rPois rF+}
   (You took it off a deep elf mage on level 3 of the Elven Halls)

   It has been blessed by the Shining One to cause great damage to the undead
   and demons.
   It protects you from fire.
   It protects you from poison.
 G - a +0 rapier of venom
Missiles
 v - 102 poisoned needles
 y - 2 throwing nets (quivered)
 K - 2 curare-tipped needles
 N - 4 needles of paralysis
 O - 8 needles of confusion
 P - 4 needles of frenzy
 Y - 4 needles of sleeping
Armour
 A - a +1 buckler (worn)
 W - the +5 robe of the Shining Light (worn) {MR+ MP+9 Dex+3}
   (You found it on level 3 of the Lair of Beasts)

   It affects your dexterity (+3).
   It affects your resistance to hostile enchantments.
   It affects your magic capacity (+9).
 X - a +2 cloak of magic resistance (worn)
Jewellery
 w - the ring "Vouwk" (left hand) {rPois rF+ Str+8 Dex-5}
   (You took it off a deep elf master archer on level 3 of the Elven Halls)

   [ring of protection from fire]

   It affects your strength (+8).
   It affects your dexterity (-5).
   It protects you from fire.
   It protects you from poison.
 R - the cursed necklace of Bloodlust {*Rage +Rage MR++ Int-3 Slay+6 *Curse}
   (You took it off a deep elf high priest on level 3 of the Elven Halls)

   [amulet of rage]

   It affects your intelligence (-3).
   It affects your accuracy and damage with ranged weapons and melee attacks
   (+6).
   It affects your resistance to hostile enchantments.
   It lets you go berserk.
   It may make you go berserk in combat.
   It curses itself when equipped.
   It has a curse placed upon it.
 S - a ring of protection from cold (right hand)
 U - the amulet "Ihonnac" (around neck) {Faith MR+}
   (You took it off a deep elf mage on level 3 of the Elven Halls)

   [amulet of faith]

   It allows you to gain divine favour quickly.
   It affects your resistance to hostile enchantments.
Wands
 x - a wand of digging (6/24)
 I - a wand of scattershot (0/9)
 Z - a wand of lightning (5/15)
Scrolls
 g - 4 scrolls of fear
 j - 15 scrolls of identify
 k - 7 scrolls of amnesia
 m - 3 scrolls of fog
 n - 15 scrolls of teleportation
 p - a scroll of magic mapping
 r - 12 scrolls of recharging
 u - 2 scrolls of brand weapon
 C - a scroll of holy word
 E - 3 scrolls of blinking
 M - 5 scrolls of enchant armour
 V - 7 scrolls of remove curse
Potions
 e - 2 potions of agility
 f - 6 potions of flight
 l - a potion of lignification
 o - 4 potions of heal wounds
 q - 3 potions of curing
 t - 5 potions of brilliance
 z - 2 potions of magic
 D - 6 potions of haste
 H - 3 potions of might
 J - 5 potions of mutation
 L - 3 potions of berserk rage
Books
 Q - a book of the Warp

   Spells                             Type                      Level
   a - Gell's Gravitas                Translocation                3
   b - Portal Projectile              Hexes/Translocation          3
   c - Force Lance                    Conjuration/Translocation    4
   d - Dispersal                      Translocation                6
   e - Controlled Blink               Translocation                8
   f - Disjunction                    Translocation                8
 T - a book of the Sky

   Spells                             Type                      Level
   a - Summon Lightning Spire         Summoning/Air                4
   b - Silence                        Hexes/Air                    5
   c - Deflect Missiles               Charms/Air                   6
   d - Conjure Ball Lightning         Conjuration/Air              6
   e - Tornado                        Air                          9
Miscellaneous
 s - a fan of gales
 B - a phial of floods
Comestibles
 d - 3 bread rations
 h - 6 royal jellies
 i - 29 fruits


   Skills:
 + Level 9.2 Fighting
 - Level 11.2 Short Blades
 * Level 15.3 Throwing
 + Level 11.7 Dodging
 - Level 16.7 Stealth
 - Level 7.6 Shields
 + Level 11.1 Spellcasting
 - Level 20.0 Hexes
 + Level 11.1 Invocations
 - Level 7.3 Evocations


You had 3 spell levels left.
You knew the following spells:

 Your Spells              Type           Power        Failure   Level  Hunger
a - Tukima's Dance        Hex            ######..     0%          3    None
b - Ensorcelled Hibernat  Hex/Ice        #####.       1%          2    None
c - Dazzling Spray        Conj/Hex       #####.       1%          3    None
d - Confuse               Hex            ######..     0%          3    None
e - Invisibility          Hex            ######..     1%          6    #####..
f - Discord               Hex            ######....   7%          8    #######
g - Blink                 Tloc           N/A          6%          2    None
h - Confusing Touch       Hex            ######       0%          1    None
i - Portal Projectile     Hex/Tloc       #####.       1%          3    None
j - Apportation           Tloc           #.....       3%          1    None
k - Silence               Hex/Air        #####.....   1%          5    ####...


Dungeon Overview and Level Annotations

Branches:
Dungeon (15/15)            Temple (0/1) D:4            Lair (6/6) D:11
  Swamp (4/4) Lair:3       Spider (4/4) Lair:4        Slime (0/5) Lair:6
    Orc (2/2) D:12            Elf (3/3) Orc:2        Vaults (0/5) D:13
 Depths (0/5) D:15

Altars:
Ashenzari
Cheibriados
Dithmenos
Fedhas
Hepliaklqana
Makhleb
Xom
Yredelemnul
The Shining One
Beogh
Jiyva

Shops:
D:15 }   Orc:2 (:*[   Elf:2 *

Annotations:
D:2 Robin, Terence
D:4 Edmund
D:9 GsBirdie's ghost, novice MiBe
Elf:2 3 runed doors
Elf:3 Xenophilius's ghost, adept GrBe


Innate Abilities, Weirdness & Mutations

You are very small and have problems with some larger weapons.
You are too small for most types of armour.
You have supernaturally acute eyesight. (SInv)
You are a herbivore.
You cover ground extremely quickly.
You need consume almost no food.
You have a pair of small antennae on your head.
You have large cloven feet.
Your mind is acute. (Int +2)
You are resistant to hostile enchantments. (MR+)
Your spells are a little easier to cast, but a little less powerful.


Message History

The volley of thorns hits you!
The thorn hunter fires a volley of thorns at you.
The volley of thorns hits you!
Casting: Dazzling Spray
Confirm with . or Enter, or press ? or * to list all spells.
Aiming: Dazzling Spray
Press: ? - help, Shift-Dir - straight line, f/p - thorn hunter
Aim: a thorn hunter (water, moderately damaged, umbra)
The spray of energy misses the thorn hunter.
The spray of energy hits the briar patch.
The briar patch is severely damaged.
The spray of energy hits the briar patch.
The briar patch is almost destroyed.
Your shadow mimicks your spell!
The shadow shard hits the thorn hunter.
The thorn hunter fires a volley of thorns at you.
You block the volley of thorns.
The thorn hunter fires a volley of thorns at you.
The volley of thorns hits you!
You die...

♣♣ ♣♣♣♣ ♣.. ♣♣♣♣ ♣♣♣♣♣≈.≈
♣.≈ ♣♣..♣♣♣♣≈♣.†.≈≈ ♣.≈≈
♣.≈≈..≈≈..≈.♣.≈ ♣♣PPP♣♣♣
♣.≈≈.≈≈≈≈...♣.. ♣♣≈PPPP.♣
♣♣..P≈≈≈≈♣♣♣...
.....PP.♣♣♣♣.PP≈≈≈≈♣♣♣≈≈≈
≈≈.§fPP≈@....PP≈§≈≈≈♣.≈≈≈
≈≈≈≈≈PP≈≈≈≈≈.PP≈≈≈≈.♣♣.≈≈
≈§.≈≈PP≈≈≈≈≈≈P♣.≈≈≈..♣♣≈≈
≈♣♣≈.PP≈≈≈≈≈≈P♣♣♣....♣♣♣.
♣≈≈§...≈...P♣ ♣♣♣♣♣ ♣♣
.≈.§≈..≈≈≈≈≈P♣
.≈...♣≈.≈≈≈≈.♣
.♣♣♣♣♣≈≈≈..♣♣♣


You could see a thorn hunter.

Vanquished Creatures
  2 deep elf blademasters
  2 deep elf master archers (Elf:3)
  3 thorn hunters
  Donald (Spider:2)
  The ghost of Cral the Lord of Darkness, an adept DECj of Kikubaaqudgha (Spider:3)
  Aizul (Elf:1)
  Louise (Elf:1)
  2 ghost moths (Spider:4)
  4 emperor scorpions
  A deep elf elementalist (Elf:3)
  3 orc warlords
  5 deep elf sorcerers
  2 entropy weavers
  8 deep elf demonologists
  5 deep elf annihilators
  A fire dragon (Lair:5)
  5 deep elf death magi
  Fannar (Orc:1)
  6 deep elf high priests (Elf:3)
  3 ghost crabs
  Erolcha (D:11)
  13 hydras
  3 centaur warriors
  6 alligators
  12 two-headed ogres
  3 orc high priests (Orc:2)
  A tengu warrior (D:11)
  A vampire mage (D:15)
  14 dancing weapons
  Sonja (Orc:2)
  16 deep elf knights
  A spark wasp zombie (D:15)
  4 unseen horrors
  2 skeletal warriors (D:15)
  4 swamp dragons
  16 deep elf archers
  A spriggan druid (Swamp:2)
  The ghost of humperndinck the Poker, a novice DrFi of Qazlal (D:6)
  A tengu zombie (D:15)
  A necromancer (D:15)
  8 orb spiders
  2 wizards
  53 deep elf magi
  5 orc knights
  A lindwurm (Lair:5)
  7 orc sorcerers
  14 ugly things
  3 manticores
  A cyclops (D:14)
  Joseph (D:8)
  A moth of wrath (Spider:3)
  19 elephants
  20 wolf spiders
  Maurice (Orc:1)
  3 centaur zombies
  9 black mambas
  A gargoyle (D:13)
  A torpor snail (Spider:2)
  An elf zombie (D:15)
  15 spiny frogs
  An efreet (D:15)
  6 komodo dragons
  2 kobold demonologists (D:15)
  A yaktaur (shapeshifter) (D:14)
  11 rime drakes
  7 demonic crawlers
  2 polar bears (Lair:6)
  22 jumping spiders
  17 trolls
  A wind drake (shapeshifter) (D:12)
  3 tyrant leeches
  Prince Ribbit (D:9)
  The ghost of humperndinck the Poker, an amateur MfGl (D:4)
  Grinder (D:6)
  11 hornets
  15 hippogriffs
  8 bog bodies
  7 dream sheep
  28 slime creatures
  26 blink frogs
  An ice dragon zombie (D:15)
  A water elemental (Elf:2)
  Sigmund (D:3)
  5 air elementals
  A wraith (D:11)
  38 redbacks
  5 vampires
  23 tarantellas
  A spriggan (shapeshifter) (Elf:1)
  16 spriggans
  4 wyverns
  Eustachio (D:4)
  6 fire elementals
  62 yaks
  Grum (D:9)
  A basilisk (shapeshifter) (D:14)
  9 steam dragons
  2 hungry ghosts
  5 basilisks
  Menkaure (D:4)
  8 vampire mosquitoes (Swamp:2)
  6 wargs
  2 soldier ants
  9 insubstantial wisps (Swamp:1)
  20 swamp worms
  18 water moccasins
  5 porcupines
  An acid dragon (D:13)
  12 swamp drakes
  3 black bears
  43 orc warriors
  An ice beast (D:7)
  3 sky beasts
  36 wolves
  4 boggarts (Lair:6)
  17 ogres
  3 necrophages
  4 phantoms
  9 centaurs
  16 crocodiles
  9 big kobolds
  17 bullfrogs
  Blork the orc (D:6)
  3 earth elementals
  A gnoll sergeant (D:8)
  A wyvern skeleton (D:12)
  2 scorpions
  9 killer bees
  10 wights
  An electric eel (Spider:3)
  3 howler monkeys (D:13)
  5 crimson imps
  2 bullfrog zombies
  12 orc priests
  3 centaur skeletons
  6 jellies
  20 orc wizards
  2 quasits
  3 bullfrog skeletons
  8 hounds
  2 iguanas
  3 worker ants
  A killer bee zombie (D:8)
  A hound skeleton (D:4)
  2 worker ant zombies
  A howler monkey zombie (D:7)
  4 gnolls
  11 adders
  A shadow imp (D:7)
  3 oozes
  4 adder zombies
  A worm (D:3)
  2 dart slugs (D:1)
  9 leopard geckos
  77 orcs
  4 bats
  3 giant cockroaches
  11 goblins
  A hobgoblin (D:3)
  4 jackals (D:11)
  16 kobolds
  4 quokkas
  A ball python (D:3)
  4 frilled lizards
  2 leopard gecko skeletons (D:6)
  7 rats
1197 creatures vanquished.

Vanquished Creatures (collateral kills)
  A deep elf sorcerer (Elf:3)
  A deep elf high priest (Elf:3)
  An ogre mage (D:11)
  An alligator (Swamp:2)
  A shambling mangrove (Swamp:3)
  A deep elf archer (Elf:3)
  6 deep elf magi
  A hornet (Swamp:3)
  A spriggan (Lair:6)
  A vampire mosquito (Swamp:2)
  A swamp worm (Swamp:3)
  2 orc warriors
  An earth elemental (Elf:1)
19 creatures vanquished.

Vanquished Creatures (others)
  A deep elf blademaster (Elf:3)
  A deep elf annihilator (Elf:3)
  A deep elf high priest (Elf:3)
  A dancing weapon (Orc:2)
  An alligator (Swamp:2)
  A deep elf knight (Elf:1)
  A deep elf archer (Elf:2)
  A vampire mosquito (Swamp:2)
  A centaur (D:12)
  2 gnolls (D:8)
  An adder (D:8)
  An orc (Orc:2)
  A bush (D:14)
  8 fungi
  11 plants
33 creatures vanquished.

Grand Total: 1249 creatures vanquished

Notes
Turn   | Place    | Note
-------+----------+-------------------------------------------
     0 | D:1      | Jannitor the Spriggan Enchanter began the quest for the Orb.
     0 | D:1      | Reached XP level 1. HP: 9/9 MP: 5/5
   151 | D:1      | Reached skill level 4 in Hexes
   151 | D:1      | Reached XP level 2. HP: 13/13 MP: 6/6
   260 | D:1      | Learned a level 2 spell: Ensorcelled Hibernation
   867 | D:1      | Reached skill level 5 in Stealth
  1066 | D:1      | Reached XP level 3. HP: 16/16 MP: 8/8
  1481 | D:2      | Noticed Terence
  1484 | D:2      | Noticed Robin
  1679 | D:3      | Found a shadowy altar of Dithmenos.
  1718 | D:3      | Became a worshipper of Dithmenos the Shadowed
  1935 | D:3      | Learned a level 3 spell: Dazzling Spray
  2001 | D:3      | Reached XP level 4. HP: 21/21 MP: 3/9
  2214 | D:3      | Noticed Sigmund
  2233 | D:3      | Killed Sigmund
  2233 | D:3      | Reached skill level 6 in Hexes
  2233 | D:3      | Reached XP level 5. HP: 20/24 MP: 2/10
  2571 | D:4      | Noticed Eustachio
  2579 | D:4      | Killed Eustachio
  2579 | D:4      | Reached XP level 6. HP: 27/28 MP: 8/11
  2997 | D:4      | Noticed Menkaure
  3001 | D:4      | Killed Menkaure
  3001 | D:4      | Reached skill level 7 in Hexes
  3001 | D:4      | Reached XP level 7. HP: 32/32 MP: 12/12
  3025 | D:4      | Noticed humperndinck's ghost (amateur MfGl)
  3071 | D:4      | Learned a level 3 spell: Confuse
  3094 | D:4      | Killed humperndinck's ghost
  3227 | D:4      | Found a staircase to the Ecumenical Temple.
  3400 | D:4      | Noticed Edmund
  3714 | D:5      | Entered Level 5 of the Dungeon
  3757 | D:5      | Found a shimmering altar of Xom.
  3861 | D:5      | Reached * piety under Dithmenos
  3861 | D:5      | Reached skill level 8 in Hexes
  4030 | D:5      | Reached XP level 8. HP: 20/36 MP: 8/15
  4211 | D:5      | Reached skill level 5 in Short Blades
  4488 | D:6      | Noticed Grinder
  4618 | D:6      | Found a snail-covered altar of Cheibriados.
  4651 | D:6      | Killed Grinder
  4706 | D:6      | Noticed Blork the orc
  4713 | D:6      | Killed Blork the orc
  4772 | D:6      | Noticed humperndinck's ghost (novice DrFi)
  5574 | D:6      | Killed humperndinck's ghost
  5574 | D:6      | Reached XP level 9. HP: 26/39 MP: 5/16
  5705 | D:6      | Found a blossoming altar of Fedhas.
  5705 | D:6      | Found a hazy altar of Hepliaklqana.
  5786 | D:6      | Reached skill level 5 in Shields
  5947 | D:7      | Reached ** piety under Dithmenos
  6188 | D:7      | Reached skill level 9 in Hexes
  7018 | D:8      | Noticed a two-headed ogre
  7020 | D:8      | Noticed a two-headed ogre
  7690 | D:7      | Reached skill level 5 in Spellcasting
  7948 | D:8      | Noticed Joseph
  7958 | D:8      | Killed Joseph
  7958 | D:8      | Reached skill level 10 in Hexes
  7973 | D:8      | Found a glowing golden altar of the Shining One.
  8142 | D:8      | Found a shattered altar of Ashenzari.
  8359 | D:8      | Killed a two-headed ogre
  8359 | D:8      | Reached XP level 10. HP: 44/44 MP: 14/19
  8365 | D:8      | Found a basalt altar of Yredelemnul.
  8374 | D:8      | Noticed a profane servitor
  8393 | D:8      | Reached skill level 10 in Stealth
  8452 | D:8      | Found a glowing golden altar of the Shining One.
  8454 | D:8      | Noticed an angel
  8514 | D:8      | Reached skill level 5 in Dodging
  8901 | D:9      | Noticed GsBirdie's ghost (novice MiBe)
  9202 | D:9      | Noticed a two-headed ogre
  9234 | D:9      | Killed a two-headed ogre
  9236 | D:9      | Reached *** piety under Dithmenos
  9241 | D:9      | Reached skill level 11 in Hexes
  9408 | D:9      | Found a shattered altar of Ashenzari.
  9726 | D:9      | Noticed Grum
  9913 | D:9      | Killed Grum
 10533 | D:9      | Noticed Prince Ribbit
 10535 | D:9      | Killed Prince Ribbit
 10586 | D:9      | You fall through a shaft!
 10586 | D:10     | Entered Level 10 of the Dungeon
 10692 | D:10     | Noticed a two-headed ogre
 10699 | D:10     | Killed a two-headed ogre
 10699 | D:10     | Reached XP level 11. HP: 47/47 MP: 22/22
 11027 | D:10     | Noticed a two-headed ogre
 11029 | D:10     | Killed a two-headed ogre
 11101 | D:10     | Noticed a two-headed ogre
 11107 | D:10     | Killed a two-headed ogre
 11180 | D:10     | Noticed a two-headed ogre
 11569 | D:11     | Found a staircase to the Lair.
 11606 | D:10     | Reached skill level 12 in Hexes
 11966 | D:11     | Reached **** piety under Dithmenos
 12181 | D:11     | Noticed Erolcha
 12187 | D:11     | Killed Erolcha
 12224 | D:11     | Noticed a wizard
 12227 | D:11     | Killed a wizard
 12274 | D:11     | Noticed a tengu warrior
 12274 | D:11     | Noticed a red ugly thing
 12275 | D:11     | Noticed a cyan ugly thing
 12275 | D:11     | Noticed an ogre mage
 12293 | D:11     | Found a burning altar of Makhleb.
 12422 | D:11     | Killed a tengu warrior
 12587 | D:11     | Learned a level 3 spell: Tukima's Dance
 12686 | D:11     | Killed an ogre mage
 13038 | D:11     | Killed a red ugly thing
 13038 | D:11     | Reached XP level 12. HP: 51/51 MP: 19/25
 13134 | D:11     | Identified the Handbook of Glamour
 13136 | D:11     | Identified the Compendium of the Boosting Voyage
 13152 | D:11     | Learned a level 6 spell: Invisibility
 13161 | D:11     | Learned a level 8 spell: Discord
 13417 | D:11     | Reached skill level 13 in Hexes
 13756 | D:12     | Reached ***** piety under Dithmenos
 13813 | D:12     | Gained mutation: Armour fits poorly on your strangely shaped body. [mutagenic glow]
 13871 | D:12     | Noticed a two-headed hydra
 13875 | D:12     | Killed a two-headed hydra
 14320 | D:12     | Found a staircase to the Orcish Mines.
 14329 | D:12     | Reached skill level 1 in Throwing
 14741 | Orc:1    | Entered Level 1 of the Orcish Mines
 15109 | Orc:1    | Noticed Fannar
 15112 | Orc:1    | Noticed an orc warlord
 15124 | Orc:1    | Paralysed by an orc sorcerer for 3 turns
 15167 | Orc:1    | Reached skill level 14 in Hexes
 15387 | Orc:1    | Killed an orc warlord
 15681 | Orc:2    | Entered Level 2 of the Orcish Mines
 15681 | Orc:2    | Noticed an orc warlord
 15687 | Orc:1    | Killed an orc warlord
 15687 | Orc:1    | Reached skill level 1 in Fighting
 15687 | Orc:1    | Reached skill level 1 in Invocations
 15687 | Orc:1    | Reached XP level 13. HP: 56/56 MP: 20/27
 16582 | Orc:2    | Noticed Maurice
 16583 | Orc:2    | Found Kuodady's General Store.
 16717 | Orc:1    | Gained mutation: You are resistant to hostile enchantments. (MR+) [mutagenic glow]
 16898 | Orc:2    | Reached ****** piety under Dithmenos
 17267 | Orc:1    | Killed Maurice
 17672 | Orc:1    | Killed Fannar
 17830 | Orc:2    | Found Rozeak's Antique Armour Emporium.
 17844 | Orc:2    | Bought a book of Minor Magic for 240 gold pieces
 17847 | Orc:2    | Learned a level 2 spell: Blink
 17874 | Orc:2    | Found Veninke's Antique Weapon Shop.
 17932 | Orc:2    | Found a roughly hewn altar of Beogh.
 18111 | Orc:2    | Found a staircase to the Elven Halls.
 18130 | Orc:2    | Found Widecw's Book Shoppe.
 18750 | Orc:2    | Reached skill level 15 in Hexes
 18787 | Orc:2    | Noticed an orc warlord
 19440 | Orc:2    | Killed an orc warlord
 19440 | Orc:2    | Reached skill level 5 in Throwing
 19459 | Orc:2    | Bought an embroidered cloak for 225 gold pieces
 19459 | Orc:2    | Bought a crude robe for 171 gold pieces
 19469 | Orc:2    | Identified the cursed +1 robe "Sylauwn" {rF+ Str+4 Int+3} (You bought it in a shop on level 2 of the Orcish Mines)
 19634 | Orc:2    | Noticed Sonja
 19646 | Orc:2    | Killed Sonja
 19774 | Orc:2    | Reached skill level 10 in Short Blades
 20342 | Lair:1   | Entered Level 1 of the Lair of Beasts
 21646 | Lair:1   | Reached XP level 14. HP: 65/65 MP: 25/28
 21904 | Lair:1   | Lost mutation: Armour fits poorly on your strangely shaped body. [potion of mutation]
 21904 | Lair:1   | Lost mutation: You are resistant to hostile enchantments. (MR+) [potion of mutation]
 21904 | Lair:1   | Gained mutation: Your magical capacity is low. (-10% MP) [potion of mutation]
 21904 | Lair:1   | Gained mutation: You are resistant to hostile enchantments. (MR+) [potion of mutation]
 21904 | Lair:1   | Gained mutation: Your mind is acute. (Int +2) [potion of mutation]
 23657 | Lair:3   | Found a shattered altar of Ashenzari.
 23961 | Lair:3   | Found a staircase to the Swamp.
 23982 | Lair:3   | Got a slimy robe
 23993 | Lair:3   | Identified the +5 robe of the Shining Light {MR+ MP+9 Dex+3} (You found it on level 3 of the Lair of Beasts)
 24354 | Lair:3   | You fall through a shaft for 2 floors!
 24797 | Lair:5   | Reached skill level 16 in Hexes
 25129 | Lair:5   | Reached skill level 15 in Stealth
 25160 | Lair:5   | You fall through a shaft!
 25160 | Lair:6   | Entered Level 6 of the Lair of Beasts
 25222 | Lair:6   | Found a staircase to the Slime Pits.
 25222 | Lair:6   | Found a viscous altar of Jiyva.
 25232 | Lair:6   | Reached skill level 5 in Invocations
 25380 | Lair:6   | Gained mutation: You are frail. (-10% HP) [mutagenic glow]
 26361 | Lair:6   | Reached XP level 15. HP: 47/63 MP: 11/26
 27967 | Lair:4   | Found a hole to the Spider Nest.
 28454 | Lair:4   | Reached skill level 5 in Fighting
 28937 | D:13     | Lost mutation: Your magical capacity is low. (-10% MP) [potion of mutation]
 28937 | D:13     | Lost mutation: You are frail. (-10% HP) [potion of mutation]
 28937 | D:13     | Gained mutation: You have large cloven feet. [potion of mutation]
 28937 | D:13     | Gained mutation: Your spells are a little easier to cast, but a little less powerful. [potion of mutation]
 28937 | D:13     | Gained mutation: You have a pair of small antennae on your head. [potion of mutation]
 29108 | D:13     | Found a gate to the Vaults.
 29112 | D:13     | Reached skill level 17 in Hexes
 30178 | D:13     | Reached skill level 10 in Throwing
 31826 | D:14     | Noticed a frost giant
 32123 | D:15     | Entered Level 15 of the Dungeon
 32301 | D:15     | Found a staircase to the Depths.
 32350 | D:15     | Reached XP level 16. HP: 75/77 MP: 22/30
 32517 | D:15     | Found Zolewec's Gadget Shop.
 33379 | Swamp:1  | Entered Level 1 of the Swamp
 33691 | Swamp:1  | Paralysed by a hornet for 2 turns
 34384 | Elf:1    | Entered Level 1 of the Elven Halls
 34403 | Elf:1    | Reached skill level 18 in Hexes
 34545 | Elf:1    | Noticed Louise
 34553 | Elf:1    | Killed Louise
 35584 | Elf:1    | Noticed Aizul
 35594 | Elf:1    | Killed Aizul
 36880 | Elf:2    | Found Ziodgh's Assorted Antiques.
 36961 | Elf:2    | Bought a scroll labeled GUCWYXT BEYF for 27 gold pieces
 38339 | Elf:2    | Bought a glowing golden potion for 24 gold pieces
 38388 | Elf:2    | Found a runed gate.
 38388 | Elf:2    | Found a runed gate.
 38416 | Elf:2    | Found a runed gate.
 38450 | Elf:2    | Reached skill level 1 in Evocations
 38699 | Elf:3    | Entered Level 3 of the Elven Halls
 38712 | Elf:3    | Reached XP level 17. HP: 84/84 MP: 31/31
 38862 | Elf:3    | Noticed Xenophilius's ghost (adept GrBe)
 39088 | Elf:3    | Learned a level 1 spell: Confusing Touch
 39092 | Elf:3    | Learned a level 3 spell: Portal Projectile
 39106 | Elf:3    | Noticed a deep elf master archer
 39106 | Elf:3    | Noticed a deep elf blademaster
 39106 | Elf:3    | Noticed a deep elf blademaster
 39117 | Elf:3    | Reached skill level 19 in Hexes
 39122 | Elf:3    | Killed a deep elf blademaster
 39279 | Elf:3    | Noticed a deep elf blademaster
 39302 | Elf:2    | Killed a deep elf blademaster
 39507 | Elf:3    | Noticed a Tzitzimitl
 40122 | Elf:3    | Noticed a deep elf master archer
 40945 | Elf:3    | Noticed a deep elf blademaster
 41117 | Elf:3    | Killed a deep elf blademaster
 41324 | Elf:3    | Killed a deep elf master archer
 41326 | Elf:3    | Got a wavering bone ring
 41375 | Elf:2    | Identified the ring "Vouwk" {rPois rF+ Str+8 Dex-5} (You took it off a deep elf master archer on level 3 of the Elven Halls)
 41814 | Elf:3    | Got a sparkling emerald amulet
 41823 | Elf:3    | Identified the amulet "Ihonnac" {Faith MR+} (You took it off a deep elf mage on level 3 of the Elven Halls)
 42402 | Elf:3    | Reached skill level 5 in Evocations
 43045 | Elf:3    | Got a fine dagger {holy}
 43046 | Elf:3    | Identified the +3 dagger "Sielas" {holy, rPois rF+} (You took it off a deep elf mage on level 3 of the Elven Halls)
 44167 | Elf:3    | HP: 2/85 [deep elf master archer/arrow (20)]
 44739 | Elf:3    | Killed a deep elf master archer
 44748 | Elf:3    | Identified the Volume of the Mutagenic Snowflakes
 44809 | Elf:3    | Identified the Reference Book on Execration
 44813 | Elf:3    | Identified the Almanac of the Captivating Snowflakes
 44827 | Elf:3    | Learned a level 1 spell: Apportation
 45875 | Elf:1    | Reached XP level 18. HP: 90/90 MP: 32/32
 45878 | Elf:1    | Reached skill level 20 in Hexes
 46224 | Spider:1 | Entered Level 1 of the Spider Nest
 46674 | Spider:1 | Reached skill level 10 in Invocations
 48157 | Spider:1 | Reached skill level 10 in Dodging
 50027 | Spider:2 | Reached skill level 10 in Spellcasting
 50144 | Spider:2 | Noticed Donald
 50146 | Spider:2 | Killed Donald
 50205 | Spider:3 | Noticed Cral's ghost (adept DECj)
 50220 | Spider:3 | Killed Cral's ghost
 51186 | Spider:4 | Entered Level 4 of the Spider Nest
 51720 | Spider:4 | Got a gossamer rune of Zot
 54215 | Swamp:2  | Reached skill level 15 in Throwing
 54317 | Swamp:3  | Learned a level 5 spell: Silence
 54764 | Swamp:3  | Reached XP level 19. HP: 88/96 MP: 35/35
 55605 | Swamp:4  | Entered Level 4 of the Swamp
 56179 | Swamp:4  | Killed from afar by a thorn hunter

Skill      XL: |  1  2  3  4  5  6  7  8  9 10 11 12 13 14 15 16 17 18 |
---------------+-------------------------------------------------------+-----
Hexes          | 4 6 7 8 10 11 12 14 15 16 17 18 19 20 | 20.0
Short Blades   | 2 3 4 5 6 7 8 9 10 11 | 11.2
Stealth        | 5 6 7 8 9 11 12 13 14 15 16 | 16.7
Spellcasting   | 3 4 5 7 8 9 11 | 11.1
Shields        | 4 5 6 7 |  7.6
Dodging        | 4 6 8 9 11 | 11.7
Throwing       | 3 6 8 10 12 13 15 | 15.3
Fighting       | 1 3 4 5 7 8 9 |  9.2
Invocations    | 1 3 5 7 8 9 11 | 11.1
Evocations     | 1 6 7 |  7.3

Action                   |  1- 3 |  4- 6 |  7- 9 | 10-12 | 13-15 | 16-18 | 19-21 || total
-------------------------+-------+-------+-------+-------+-------+-------+-------++-------
Melee: Dagger            |   248 |    62 |   371 |   607 |  1140 |   540 |    42 ||  3010
       Kick              |       |       |       |       |    84 |   199 |    10 ||   293
       Rapier            |       |       |       |       |       |   358 |       ||   358
 Fire: Blowgun           |       |       |       |       |       |    33 |       ||    33
Throw: Throwing net      |       |       |       |       |       |     5 |       ||     5
 Cast: Ensorcelled Hiber |     6 |     8 |    19 |   116 |   207 |   116 |    30 ||   502
       Dazzling Spray    |     2 |     4 |     3 |    39 |   100 |   376 |    31 ||   555
       Confuse           |       |       |    39 |    38 |    25 |    24 |     1 ||   127
       Tukima's Dance    |       |       |       |     3 |     8 |       |       ||    11
       Invisibility      |       |       |       |     4 |    18 |    23 |     1 ||    46
       Discord           |       |       |       |       |       |     6 |       ||     6
       Blink             |       |       |       |       |       |     4 |       ||     4
Invok: Shadow Step       |       |       |       |       |     1 |    10 |       ||    11
Evoke: Wand              |       |       |       |       |     2 |     3 |     2 ||     7
       Fan of gales      |       |       |       |       |       |     1 |       ||     1
       Sack of spiders   |       |       |       |       |       |       |     3 ||     3
  Use: Potion            |       |       |     1 |       |    11 |     7 |       ||    19
       Scroll            |       |       |     2 |    11 |    16 |    19 |     2 ||    50
 Stab: Sleeping          |    11 |    10 |    38 |   121 |   262 |   166 |    19 ||   627
       Invisible         |     2 |     2 |     1 |    17 |   101 |   131 |     3 ||   257
       Confused          |       |       |    29 |    23 |    23 |    14 |       ||    89
       Distracted        |       |       |     1 |     3 |     4 |     8 |     1 ||    17
       Held in net/web   |       |       |       |       |       |     1 |     2 ||     3
       Paralysed         |       |       |       |       |       |     1 |       ||     1
  Eat: Bread ration      |       |       |     2 |     1 |     4 |     4 |       ||    11
       Fruit             |       |       |       |       |     1 |       |       ||     1
       Royal jelly       |       |       |       |       |       |     4 |     1 ||     5
Armor: Robe              |    42 |     8 |    22 |    19 |    42 |    77 |     7 ||   217
Dodge: Dodged            |   205 |    58 |   155 |   297 |   620 |   797 |    48 ||  2180
Block: Buckler           |       |       |    44 |   142 |   293 |   394 |    23 ||   896
